 Dungeon Crawl Stone Soup version 0.16.1-25-gbcee3f8 (webtiles) character file.

46 Z4ng3tsu the Caller (level 3, 0/19 HPs)
             Began as a Deep Elf Summoner on May 21, 2015.
             Succumbed to an adder's poison
             ... on level 2 of the Dungeon.
             The game lasted 00:12:10 (1575 turns).

Z4ng3tsu the Caller (Deep Elf Summoner)             Turns: 1575, Time: 00:12:10

Health: 0/19       AC:  2    Str:  6    XL:     3   Next: 46%
Magic:  9/11       EV: 13    Int: 19    God:
Gold:   32         SH:  0    Dex: 15    Spells: 2 memorised, 6 levels left

rFire  . . .     SeeInvis .     d - +0 short sword (drain)
rCold  . . .     Clarity  .     a - +0 robe
rNeg   . . .     SustAb   .     (no shield)
rPois  .         Gourm    .     (no helmet)
rElec  .         Spirit   .     (no cloak)
rCorr  .         Warding  .     (no gloves)
rMut   .         Stasis   .     (no boots)
MR     .....                    (no amulet)
Stlth  ++........               (no ring)
                                (no ring)

@: lethally poisoned (0 -> -10), not resistant to hostile enchantments,
unstealthy
A: no striking features
a: no special abilities


You were on level 2 of the Dungeon.
You were not hungry.

You visited 1 branch of the dungeon, and saw 2 of its levels.

You collected 32 gold pieces.

Inventory:

Hand weapons
 d - a +0 short sword of draining (weapon)
Armour
 a - a +0 robe (worn)
 e - a +0 leather armour
Magical devices
 l - a wand of fireball (5)
 m - a wand of enslavement (7)
Scrolls
 f - 2 scrolls of enchant weapon {unknown}
 h - a scroll of identify
 j - a scroll of teleportation
Potions
 g - a potion of might {unknown}
 k - a potion of heal wounds {unknown}
Books
 b - a book of Callings

   Spells                             Type                      Level
   a - Summon Small Mammal            Summoning                    1
   b - Call Imp                       Summoning                    2
   c - Call Canine Familiar           Summoning                    3
   d - Summon Guardian Golem          Hexes/Summoning              4
   e - Summon Lightning Spire         Summoning/Air                4
   f - Summon Ice Beast               Ice/Summoning                4
Comestibles
 c - a bread ration
 i - 3 meat rations


   Skills:
 + Level 0.1 Fighting
 + Level 0.2 Short Blades
 + Level 2.9 Dodging
 + Level 2.6 Stealth
 + Level 3.7 Spellcasting
 + Level 5.0 Summonings


You had 6 spell levels left.
You knew the following spells:

 Your Spells              Type           Power        Failure   Level  Hunger
a - Summon Small Mammal   Summ           ###.         1%          1    None
b - Call Imp              Summ           ###.....     2%          2    ##.....


Dungeon Overview and Level Annotations

Branches:
Dungeon (2/15)

Altars:


Message History

Confirm with . or Enter, or press ? or * to list all spells.
You feel sick. The adder completely misses you.
You feel sick.
Your quokka closely misses the adder.
Your quokka bites the adder.
The adder bites you.
* * * LOW HITPOINT WARNING * * *
* * * LOW HITPOINT WARNING * * *
You feel sick.
Your quokka completely misses the adder.
Your quokka bites the adder.
Casting: Summon Small Mammal
Confirm with . or Enter, or press ? or * to list all spells.
You don't know that spell.
Sorry, you're not good enough to have a special ability.
* * * LOW HITPOINT WARNING * * *
You feel sick.
Your quokka closely misses the adder.
* * * LOW HITPOINT WARNING * * *
You feel sick.
Your quokka completely misses the adder.
The adder barely misses you.
You die...

###########
#.........####
#######'#######....##
##...##.@.##...##....##
#<.♣.†..♣....♣)>#.....#
#...##..S##...##.....#
#######r#######......#
##r###..........#
#...##..........#
#.♣.##..........##
#...#...........)#
##>##.........##...


You could see an adder.

Vanquished Creatures
  An adder (D:2)
  A ball python (D:1)
  2 bats
  3 giant newts
  2 goblins
  2 kobolds (D:1)
  2 rats
13 creatures vanquished.

Vanquished Creatures (collateral kills)
  An adder (D:2)
  A worm (D:2)
  2 giant geckos (D:1)
  An ooze (D:1)
  A ball python (D:1)
  A giant cockroach (D:1)
  4 hobgoblins (D:1)
  A jackal (D:1)
  3 kobolds
  2 bats (D:1)
  2 goblins (D:1)
19 creatures vanquished.

Vanquished Creatures (others)
  2 quokkas (D:1)
  4 bats (D:1)
  A rat (D:1)
7 creatures vanquished.

Grand Total: 39 creatures vanquished

Notes
Turn   | Place    | Note
--------------------------------------------------------------
     0 | D:1      | Z4ng3tsu, the Deep Elf Summoner, began the quest for the Orb.
     0 | D:1      | Reached XP level 1. HP: 10/10 MP: 5/5
   608 | D:1      | Reached XP level 2. HP: 15/15 MP: 3/8
   612 | D:1      | Learned a level 2 spell: Call Imp
  1149 | D:2      | Reached skill level 5 in Summonings
  1149 | D:2      | Reached XP level 3. HP: 15/19 MP: 8/11
  1575 | D:2      | Succumbed to an adder's poison

Action                   || total
-------------------------++-------
Melee: Short sword       ||    49
       Unarmed           ||     4
 Cast: Summon Small Mamm ||    34
       Call Imp          ||     5
Evoke: Wand              ||     2
  Use: Scroll            ||     2
       Potion            ||     2
 Stab: Sleeping          ||     1
  Eat: Bread ration      ||     1
